 Dungeon Crawl Stone Soup version 0.18.1-47-g9310371 (webtiles) character file.

46936 Lul the Spear-Bearer (level 14, -2/116 HPs)
             Began as a Demonspawn Berserker on June 14, 2016.
             Was the Champion of Trog.
             Slain by a blink frog (10 damage)
             ... on level 8 of the Lair of Beasts on June 16, 2016.
             The game lasted 00:59:09 (15460 turns).

Lul the Spear-Bearer (Demonspawn Berserker)        Turns: 15460, Time: 00:59:10

Health: -2/116     AC: 33    Str: 31    XL:     14   Next: 6%
Magic:  7/7        EV: 14    Int:  8    God:    Trog [******]
Gold:   1462       SH:  0    Dex: 16    Spells: 0 memorised, 13 levels left

rFire  . . .     SeeInvis .     m - +9 scythe (antimagic)
rCold  + . .     Gourm    .     y - +11 chain mail of the Loofah {rC+ rCorr MP+9 Str+5}
rNeg   . . .     Faith    .     (shield currently unavailable)
rPois  +         Spirit   .     Q - +2 helmet
rElec  .         Dismiss  .     s - +0 cloak
rCorr  +         Reflect  .     r - +1 pair of gloves
SustAt .         Harm     .     (no boots)
MR     +....                    (no amulet)
Stlth  ..........               B - ring of resist corrosion
                                t - +4 ring of dexterity

@: exhausted, somewhat resistant to hostile enchantments, extremely unstealthy
A: talons 2, thin metallic scales 2, blurry vision 1, poison resistance, spiny
2, strong 1, wild magic 1, rot immunity, MP-powered wands
a: Berserk, Trog's Hand, Brothers in Arms, Burn Spellbooks, Renounce Religion


You were on level 8 of the Lair of Beasts.
You worshipped Trog.
Trog was exalted by your worship.
You were very hungry.

You visited 2 branches of the dungeon, and saw 18 of its levels.

You collected 1462 gold pieces.

Inventory:

Hand Weapons
 a - a +2 vampiric spear (quivered)
 m - a +9 antimagic scythe (weapon)
 P - a +1 glaive of chopping
Armour
 g - a +7 chain mail of poison resistance
 r - a +1 pair of gloves (worn)
 s - a +0 cloak (worn)
 y - the +11 chain mail of the Loofah (worn) {rC+ rCorr MP+9 Str+5}
   (You found it on level 6 of the Dungeon)

   It affects your strength (+5).
   It protects you from cold.
   It affects your magic capacity (+9).
   It protects you from acid and corrosion.
 Q - a +2 helmet (worn)
Jewellery
 i - an uncursed ring of ice
 t - a +4 ring of dexterity (left hand)
 B - a ring of resist corrosion (right hand)
 D - a +1 ring of protection
Wands
 b - a wand of confusion (22/48)
 k - a wand of flame (17/48)
 I - a wand of confusion (22/48)
 L - a wand of teleportation (4/9)
 X - a wand of flame (37/48)
Scrolls
 e - 7 scrolls of remove curse
 w - a scroll of random uselessness
 z - 6 scrolls of teleportation
 A - 2 scrolls of enchant weapon
 C - 5 scrolls of fear
 F - 2 scrolls of magic mapping
 H - 2 scrolls of enchant armour
 N - a scroll of blinking
 U - 2 scrolls of identify
 V - 2 scrolls of silence {unknown}
Potions
 f - a potion of agility
 h - 2 potions of ambrosia
 j - a potion of brilliance
 l - a potion of invisibility
 n - 5 potions of flight
 p - a potion of heal wounds
 q - 2 potions of curing
 u - 7 potions of might
 x - 3 potions of cancellation
 E - 2 potions of magic {unknown}
 G - 4 potions of haste
 J - 2 potions of cure mutation
 K - 2 potions of lignification {unknown}
 O - a potion of mutation {unknown}
 S - 2 potions of berserk rage {unknown}
 T - a potion of degeneration {unknown}
Books
 o - a Grand Grimoire

   Spells                             Type                      Level
   a - Monstrous Menagerie            Summoning                    7
   b - Summon Greater Demon           Summoning                    7
   c - Malign Gateway                 Summoning/Translocation      7
   d - Summon Horrible Things         Summoning                    8
   Trog disapproves of the use of such an item.
 M - a book of Misfortune

   Spells                             Type                      Level
   a - Confusing Touch                Hexes                        2
   b - Confuse                        Hexes                        3
   c - Gell's Gravitas                Hexes/Translocation          3
   d - Petrify                        Transmutation/Earth          4
   e - Metabolic Englaciation         Hexes/Ice                    5
   f - Yara's Violent Unravelling     Hexes/Transmutation          5
   Trog disapproves of the use of such an item.
 R - a book of Frost

   Spells                             Type                      Level
   a - Freeze                         Ice                          1
   b - Throw Frost                    Conjuration/Ice              2
   c - Ozocubu's Armour               Charms/Ice                   3
   d - Throw Icicle                   Conjuration/Ice              4
   e - Summon Ice Beast               Ice/Summoning                4
   Trog disapproves of the use of such an item.
Miscellaneous
 Y - a legendary deck of changes
Comestibles
 c - 10 bread rations
 d - 9 fruits
 v - a beef jerky
 W - 2 meat rations


   Skills:
 + Level 12.6 Fighting
   Level 3.8(9.5) Axes
 + Level 13.2(13.4) Polearms
 + Level 11.5 Armour
 + Level 8.1 Dodging
 + Level 2.8 Stealth


You had 13 spell levels left.
You didn't know any spells.

Dungeon Overview and Level Annotations

Branches:
Dungeon (10/15)            Temple (0/1) D:6            Lair (8/8) D:8
  Swamp (0/4) Lair:6        Snake (0/4) Lair:3        Slime (0/6) Lair:7
    Orc: D:9-12

Altars:
Ashenzari
Cheibriados
Elyvilon
Fedhas
Pakellas
Ru
Trog
Vehumet
The Shining One
Jiyva

Shops:
D:6 [   D:7 (

Annotations:
Lair:8 exclusion: 5 oklob plants


Innate Abilities, Weirdness & Mutations

You have razor-sharp toenails.
You are mostly covered in thin metallic scales (AC +3).
You are mostly covered in sharp spines.
You are immune to rotting.
Scrolls take you a little longer to read.
Your system is resistant to poisons.
Your muscles are strong. (Str +2)
Your spells are a little harder to cast, but a little more powerful.
You expend magic power (3 MP) to strengthen your wands.


Message History

* * * LOW HITPOINT WARNING * * *
The acid burns!
You resist.
* * * LOW HITPOINT WARNING * * *
The oklob plant spits acid at you. The splash of acid hits you!
The acid burns!
You resist.
* * * LOW HITPOINT WARNING * * *
You start resting.
A blink frog comes into view.
The blink frog gives a loud, deep croak!
The blink frog blinks!
You are no longer corroded.
You slice the blink frog!!
The blink frog's magic leaks into the air.
Your kick misses the blink frog.
The blink frog is almost dead.
You feel yourself speed up. The blink frog hits you!
* * * LOW HITPOINT WARNING * * *
The blink frog closely misses you. The blink frog hits you!
You die...

PP.....P.P.....P
................P.
................P.
................#
.........†....[.# ..........
.........#......## ##.........
.........##......# #....$.....
..P..#...##....F## #..........
..P.............@###....$.....
........##......##.....PP....
P.P.P#.........#.#.....P.....
..PP....P..##..........P.P...
...#.##.....#.....P....P.....
.. ## #.....##P##............
#P....########..........
#.....# ........... #.....#
#....../....


You could see a blink frog.

Vanquished Creatures
  Rupert (Lair:5)
  Snorg (Lair:5)
  6 hydras
  The ghost of Kloppie the Cleaver, a novice HOGl of Okawaru (D:9)
  3 death yaks (Lair:8)
  2 hill giants
  3 griffons (Lair:7)
  An oklob plant (D:6)
  Joseph (D:8)
  5 elephants
  6 black mambas
  A torpor snail (Lair:4)
  16 spiny frogs
  2 rime drakes
  5 komodo dragons
  6 polar bears
  A troll (D:10)
  A giant leech (Lair:6)
  Grinder (D:3)
  11 blink frogs
  Sigmund (D:2)
  A vampire (D:10)
  A wyvern (Lair:7)
  42 yaks
  10 hippogriffs
  6 vampire mosquitoes (Lair:8)
  Menkaure (D:4)
  A steam dragon (D:7)
  3 basilisks
  The ghost of tscho the Insei, an amateur MfTm (D:4)
  15 water moccasins
  9 porcupines
  Duvessa (D:4)
  A sky beast (D:6)
  2 black bears (Lair:3)
  3 orc warriors
  An eye of draining (D:8)
  A necrophage (D:8)
  10 ogres
  A phantom (D:10)
  2 ice beasts
  2 centaurs (D:6)
  26 wolves
  10 crocodiles
  A big kobold (D:7)
  18 giant frogs
  Dowan (D:4)
  2 scorpions
  2 water moccasin skeletons
  5 killer bees (D:7)
  2 electric eels
  3 wights (D:6)
  A crimson imp (D:5)
  A centaur zombie (D:10)
  9 jellies
  10 orc wizards
  4 orc priests
  4 hounds
  A giant frog skeleton (D:8)
  Ijyb (D:3)
  8 iguanas
  4 worker ants
  Natasha (twice) (D:4)
  A killer bee zombie (D:9)
  13 sheep
  2 hound skeletons
  Robin (D:3)
  A howler monkey skeleton (D:10)
  11 adders
  4 gnolls (D:3)
  46 river rats
  13 oozes
  An adder zombie (D:7)
  An adder skeleton (D:9)
  4 worms
  2 dart slugs (D:1)
  7 giant geckos
  32 orcs
  A ball python (D:2)
  3 giant cockroaches
  17 goblins
  15 hobgoblins
  4 jackals
  5 quokkas
  15 bats
  2 giant gecko zombies
  4 giant newts
  16 kobolds
  16 rats
  A plant (D:8)
542 creatures vanquished.

Vanquished Creatures (collateral kills)
  An orc warrior (D:9)
  A jelly (D:9)
  3 orcs (D:9)
5 creatures vanquished.

Vanquished Creatures (others)
  3 bushes (Lair:8)
  23 fungi
  6 plants (Lair:8)
32 creatures vanquished.

Grand Total: 579 creatures vanquished

Notes
Turn   | Place    | Note
--------------------------------------------------------------
     0 | D:1      | Lul the Demonspawn Berserker began the quest for the Orb.
     0 | D:1      | Reached XP level 1. HP: 18/18 MP: 1/1
   370 | D:1      | Gained mutation: You have sharp toenails. [demonic ancestry]
   370 | D:1      | Reached XP level 2. HP: 24/24 MP: 2/2
  1334 | D:2      | Gained mutation: You are partially covered in sharp spines. [demonic ancestry]
  1334 | D:2      | Reached XP level 3. HP: 29/29 MP: 3/3
  1475 | D:2      | Reached ** piety under Trog
  1568 | D:2      | Noticed Sigmund
  1579 | D:2      | Killed Sigmund
  1579 | D:2      | Gained mutation: You are partially covered in thin metallic scales (AC +2). [demonic ancestry]
  1579 | D:2      | Reached XP level 4. HP: 38/38 MP: 0/4
  1579 | D:2      | Gained mutation: You are mostly covered in thin metallic scales (AC +3). [demonic ancestry]
  1579 | D:2      | Reached XP level 5. HP: 43/43 MP: 0/5
  2155 | D:3      | Noticed Ijyb
  2159 | D:3      | Killed Ijyb
  2177 | D:3      | Noticed Grinder
  2183 | D:3      | Paralysed by Grinder for 5 turns
  2191 | D:3      | Killed Grinder
  2191 | D:3      | Reached skill level 5 in Fighting
  2191 | D:3      | Reached skill level 1 in Polearms
  2191 | D:3      | Gained mutation: You have razor-sharp toenails. [demonic ancestry]
  2191 | D:3      | Reached XP level 6. HP: 51/51 MP: 2/6
  2347 | D:3      | Noticed Robin
  2350 | D:3      | Reached *** piety under Trog
  2361 | D:3      | Killed Robin
  2628 | D:3      | Found a white marble altar of Elyvilon.
  2630 | D:3      | Found a blossoming altar of Fedhas.
  2631 | D:3      | Reached XP level 7. HP: 56/56 MP: 2/7
  2729 | D:4      | Noticed tscho's ghost (amateur MfTm)
  2738 | D:4      | Killed tscho's ghost
  2738 | D:4      | Reached skill level 2 in Polearms
  2813 | D:4      | Found a sacrificial altar of Ru.
  2827 | D:4      | Reached **** piety under Trog
  3061 | D:4      | Found a shattered altar of Ashenzari.
  3098 | D:4      | Noticed Duvessa
  3099 | D:4      | Noticed Dowan
  3103 | D:4      | Killed Duvessa
  3103 | D:4      | Reached skill level 3 in Polearms
  3103 | D:4      | Reached XP level 8. HP: 64/64 MP: 2/8
  3104 | D:4      | Killed Dowan
  3270 | D:4      | Noticed Menkaure
  3275 | D:4      | Killed Menkaure
  3318 | D:4      | Noticed Natasha
  3321 | D:4      | Killed Natasha
  3510 | D:4      | Reached skill level 5 in Armour
  3518 | D:5      | Entered Level 5 of the Dungeon
  3567 | D:4      | Noticed Natasha
  3570 | D:4      | Killed Natasha
  3570 | D:4      | Reached skill level 4 in Polearms
  3809 | D:5      | Found a snail-covered altar of Cheibriados.
  3903 | D:5      | Noticed a moth of wrath
  3906 | D:5      | Found a bloodstained altar of Trog.
  4293 | D:6      | Reached skill level 5 in Polearms
  4297 | D:6      | Gained mutation: You are mostly covered in sharp spines. [demonic ancestry]
  4297 | D:6      | Reached XP level 9. HP: 71/71 MP: 3/9
  4306 | D:6      | Gained mutation: Your muscles are strong. (Str +2) [mutagenic meat]
  4344 | D:6      | Gained mutation: Your system is resistant to poisons. [mutagenic meat]
  4345 | D:6      | Gained mutation: Scrolls take you a little longer to read. [mutagenic meat]
  4347 | D:6      | Gained mutation: You expend magic power (3 MP) to strengthen your wands. [mutagenic meat]
  4348 | D:6      | Gained mutation: Your spells are a little harder to cast, but a little more powerful. [mutagenic meat]
  4367 | D:6      | Found a staircase to the Ecumenical Temple.
  4497 | D:6      | Noticed an oklob plant
  4517 | D:6      | Reached ***** piety under Trog
  4677 | D:6      | Killed an oklob plant
  4677 | D:6      | Reached skill level 6 in Polearms
  5013 | D:6      | Found Ysuur's Armour Shoppe.
  5110 | D:6      | Got a bloodstained chain mail
  5121 | D:6      | Identified the +11 chain mail of the Loofah {rC+ rCorr MP+9 Str+5} (You found it on level 6 of the Dungeon)
  5210 | D:6      | Reached skill level 5 in Dodging
  5652 | D:7      | Reached skill level 7 in Polearms
  5728 | D:7      | Found Xurr's Antique Weapon Emporium.
  5756 | D:7      | Found a glowing golden altar of the Shining One.
  5800 | D:7      | Reached XP level 10. HP: 81/81 MP: 6/10
  6079 | D:7      | Received a gift from Trog
  6252 | D:8      | Noticed a hill giant
  6256 | D:8      | Killed a hill giant
  6315 | D:8      | Found a staircase to the Lair.
  6431 | D:8      | Noticed Joseph
  6440 | D:8      | Killed Joseph
  6661 | D:8      | Reached skill level 8 in Polearms
  7007 | D:9      | Noticed Kloppie's ghost (novice HOGl)
  7028 | D:9      | Killed Kloppie's ghost
  7317 | D:9      | Found a radiant altar of Vehumet.
  7606 | D:10     | Entered Level 10 of the Dungeon
  7680 | D:10     | Noticed a hill giant
  7685 | D:10     | Killed a hill giant
  8044 | D:10     | Reached XP level 11. HP: 89/89 MP: 6/11
  8359 | Lair:1   | Entered Level 1 of the Lair of Beasts
  8466 | Lair:1   | Reached skill level 9 in Polearms
  8618 | Lair:1   | Reached skill level 1 in Stealth
  8622 | Lair:1   | Got an iridescent trident
  8623 | Lair:1   | Identified the cursed +1 trident of Defence by Offence {antimagic, rC++ Str-3 Dex+3} (You found it on level 1 of the Lair of Beasts)
  8650 | Lair:1   | Received a gift from Trog
  8704 | Lair:1   | Noticed a four-headed hydra
  8718 | Lair:1   | Killed an eight-headed hydra
  9085 | Lair:1   | Reached skill level 10 in Fighting
  9143 | Lair:1   | Noticed a seven-headed hydra
  9148 | Lair:1   | Killed a nine-headed hydra
  9452 | Lair:2   | Noticed an eight-headed hydra
  9458 | Lair:2   | Killed an 11-headed hydra
  9458 | Lair:2   | Reached skill level 10 in Polearms
 10396 | Lair:3   | Reached XP level 12. HP: 98/98 MP: 7/12
 10397 | Lair:3   | Found a staircase to the Snake Pit.
 10915 | Lair:3   | Reached skill level 11 in Polearms
 11129 | Lair:3   | Reached ****** piety under Trog
 11307 | Lair:4   | Received a gift from Trog
 11495 | Lair:4   | Reached skill level 10 in Armour
 12334 | Lair:5   | Noticed Rupert
 12344 | Lair:5   | Killed Rupert
 12344 | Lair:5   | Gained mutation: You are immune to rotting. [demonic ancestry]
 12344 | Lair:5   | Reached XP level 13. HP: 107/107 MP: 7/13
 12389 | Lair:5   | Noticed Snorg
 12401 | Lair:5   | Killed Snorg
 12401 | Lair:5   | Reached skill level 12 in Polearms
 13443 | Lair:6   | Found a staircase to the Swamp.
 13682 | Lair:7   | Found a viscous altar of Jiyva.
 13701 | Lair:7   | Found a staircase to the Slime Pits.
 14104 | Lair:7   | Found an oddly glowing altar of Pakellas.
 14219 | Lair:7   | Received a gift from Trog
 14440 | Lair:8   | Entered Level 8 of the Lair of Beasts
 14798 | Lair:8   | Reached skill level 13 in Polearms
 15143 | Lair:8   | Reached XP level 14. HP: 116/116 MP: 7/14
 15460 | Lair:8   | Slain by a blink frog

Skill      XL: |  1  2  3  4  5  6  7  8  9 10 11 12 13 |
---------------+----------------------------------------+-----
Dodging        | 2 3 4 5 6 7 8 |  8.1
Axes           | 3 |  3.8
Armour         | 2 3 4 5 6 7 9 10 11 | 11.5
Fighting       | 4 5 6 8 9 10 11 12 | 12.6
Polearms       | 1 3 5 7 8 10 11 13 | 13.2
Stealth        | 1 2 |  2.8

Action                   |  1- 3 |  4- 6 |  7- 9 | 10-12 | 13-15 || total
-------------------------+-------+-------+-------+-------+-------++-------
Melee: Hand axe          |    98 |       |       |       |       ||    98
       Kick              |    18 |    10 |    39 |   157 |   111 ||   335
       Scythe            |       |    57 |   171 |   427 |   299 ||   954
Invok: Berserk           |     1 |     2 |     5 |    11 |     5 ||    24
       Brothers in Arms  |       |       |       |     1 |       ||     1
       Burn Spellbooks   |       |       |       |     1 |       ||     1
       Trog's Hand       |       |       |       |     1 |       ||     1
  Use: Scroll            |       |       |    19 |    10 |     1 ||    30
 Stab: Distracted        |       |     1 |       |       |       ||     1
  Eat: Chunk             |     2 |     7 |    20 |    21 |     9 ||    59
       Pizza             |       |       |     1 |     1 |     1 ||     3
       Meat ration       |       |       |       |     1 |     1 ||     2
       Royal jelly       |       |       |       |     1 |       ||     1
       Fruit             |       |       |       |     1 |       ||     1
       Beef jerky        |       |       |       |     1 |       ||     1
Armor: Animal skin       |     8 |       |       |       |       ||     8
       Chain mail        |    29 |    28 |    78 |   305 |   240 ||   680
Dodge: Dodged            |    55 |    27 |    62 |   330 |   258 ||   732
